 Dungeon Crawl Stone Soup version 0.25.1-2-g60ff931df9 (webtiles) character file.

Game seed: 1010867118499325649

16387 DarkMoon the Covert (level 12, -6/69 HPs)
             Began as a Vampire Enchanter on Oct 20, 2020.
             Was a Priest of Dithmenos.
             Mangled by a minotaur
             ... wielding an uncursed staff of wizardry
              (33 damage)
             ... in a Gauntlet.
             The game lasted 00:39:56 (13203 turns).

DarkMoon the Covert (Vampire Enchanter)            Turns: 13203, Time: 00:39:57

Health: -6/69      AC:  7    Str: 17    XL:     12   Next: 9%
Magic:  17/20      EV: 21    Int: 17    God:    Dithmenos [***...]
Gold:   913        SH: 10    Dex: 16    Spells: 6/22 levels left

rFire    . . .     SeeInvis +   s - +6 short sword "Spider's Peril" {flame, rElec}
rCold    + + +     Gourm    .   f - +0 buckler
rNeg     + + +     Faith    .   C - +2 leather armour {rC+}
rPois    ∞         Spirit   .   (no helmet)
rElec    +         Reflect  +   (no cloak)
rCorr    .         Harm     .   j - +0 pair of gloves
MR       +....     NoTele   +   p - +0 pair of boots
Stlth    ++++++++++             e - amulet of reflection
HPRegen  0.00/turn              K - +4 ring of evasion
MPRegen  0.17/turn              B - +6 ring of strength

@: mighty, confusing touch, bloodless, wreathed by umbra
A: no food, fangs 3, see invisible, unbreathing
a: Bat Form, Revivify, Shadow Step, Renounce Religion


You were in a Gauntlet.
You worshipped Dithmenos.
Dithmenos was most pleased with you.
You were bloodless.

You visited 2 branches of the dungeon, and saw 12 of its levels.
You also visited: Ossuary and Gauntlet.

You collected 913 gold pieces.

Inventory:

Hand Weapons
 a - a +2 dagger of venom
 s - the +6 short sword "Spider's Peril" (weapon) {flame, rElec}
   (You found it in a Gauntlet)

   It has been specially enchanted to burn those struck by it, causing extra
   injury to most foes and up to half again as much damage against particularly
   susceptible opponents.
   It insulates you from electricity.
 Q - the +6 shillelagh "Devastator" {shatter}
   (You found it in a Gauntlet)
Missiles
 i - 11 poisoned darts (quivered)
 y - 19 boomerangs
 D - 2 curare-tipped darts
Armour
 f - a +0 buckler (worn)
 j - a +0 pair of gloves (worn)
 p - a +0 pair of boots (worn)
 C - a +2 leather armour of cold resistance (worn)
Magical Staves
 P - an uncursed staff of cold
Jewellery
 c - an uncursed ring of protection from cold
 e - an amulet of reflection (around neck)
 u - an uncursed ring of resist corrosion
 B - a +6 ring of strength (right hand)
 K - a +4 ring of evasion (left hand)
Wands
 b - a wand of flame (16)
 w - a wand of digging (4)
 A - a wand of clouds (6)
 M - a wand of enslavement (11)
 N - a wand of acid (5)
Scrolls
 d - 3 scrolls of enchant weapon
 k - 4 scrolls of fear
 l - 4 scrolls of teleportation
 m - 2 scrolls of magic mapping
 q - 2 scrolls of vulnerability {unknown}
 t - 5 scrolls of remove curse
 v - a scroll of noise {unknown}
 z - 2 scrolls of enchant armour {unknown}
 F - a scroll of fog {unknown}
 H - 2 scrolls of blinking {unknown}
 I - 4 scrolls of amnesia
 L - a scroll of immolation {unknown}
Potions
 g - 6 potions of curing
 h - a potion of heal wounds
 n - 4 potions of might
 o - 4 potions of lignification
 r - 2 potions of degeneration {unknown}
 x - a potion of ambrosia {unknown}
 E - a potion of invisibility {unknown}
 G - 2 potions of flight {unknown}
 J - 2 potions of berserk rage {unknown}
 O - a potion of brilliance {unknown}


   Skills:
 + Level 5.9 Fighting
 + Level 7.9 Short Blades
 - Level 1.0 Armour
 + Level 8.0 Dodging
 * Level 14.9 Stealth
 - Level 4.0 Shields
 + Level 5.9 Spellcasting
 * Level 13.7 Hexes
 - Level 2.0 Translocations


You had 6 spell levels left.
You knew the following spells:

 Your Spells              Type           Power        Failure   Level  Hunger
a - Corona                Hex            ######.      1%          1    N/A
b - Ensorcelled Hibernat  Hex/Ice        ####..       1%          2    N/A
c - Confusing Touch       Hex            ######..     1%          3    N/A
d - Tukima's Dance        Hex            ######..     1%          3    N/A
e - Dazzling Flash        Conj/Hex       ####..       2%          3    N/A
f - Slow                  Hex            ######..     1%          2    N/A
k - Blink                 Tloc           N/A          11%         2    N/A

Your spell library contained the following spells:

 Spells                   Type           Power        Failure   Level  Hunger
 Freeze                   Ice            #...         16%         1    N/A
 Magic Dart               Conj           #...         16%         1    N/A
 Call Imp                 Summ           #.......     24%         2    N/A
 Conjure Flame            Conj/Fire      #.......     43%         3    N/A
 Frozen Ramparts          Ice            #.....       43%         3    N/A
 Mephitic Cloud           Conj/Pois/Air  #.......     43%         3    N/A
 Ozocubu's Armour         Chrm/Ice       #.......     43%         3    N/A
 Hailstorm                Conj/Ice       #.......     83%         4    N/A
 Summon Ice Beast         Ice/Summ       #.......     83%         4    N/A

Dungeon Overview and Level Annotations

Branches:
Dungeon (10/15)            Temple (0/1) D:6            Lair (2/6) D:10
Ossuary (visited)         Gauntlet (1/1)
  Swamp: Lair:2-4    Shoals: Lair:2-4     Snake: Lair:2-4    Spider: Lair:2-4
    Orc: D:9-12

Altars:
Dithmenos
Elyvilon
Okawaru
Qazlal
Trog
Xom
Yredelemnul

Annotations:
Gauntlet 16 runed translucent doors, 4 transporters, exclusion: orange crystal statue


Innate Abilities, Weirdness & Mutations

You do not eat.
You do not regenerate when monsters are visible.
You are frail without blood (-20% HP).
You can heal yourself when you bite living creatures.
You are immune to poison.
You have razor-sharp teeth.
You have supernaturally acute eyesight. (SInv)
You can survive without breathing.


Message History

You hit the minotaur but do no damage. You hit the minotaur but do no damage.
You bite the minotaur, but do no damage.
The minotaur hits you with an uncursed staff of wizardry!
* * * LOW HITPOINT WARNING * * *
You block the minotaur's attack.
Casting: Confusing Touch (safe; 1% risk of failure)
Confirm with . or Enter, or press ? or * to list all spells.
You blink.
The minotaur throws a javelin.
The javelin misses you.
Okay, then.
You see here a javelin.
You feel much better.
You feel much better.
The minotaur throws a javelin.
The javelin pierces through you!!
The minotaur hits you with an uncursed staff of wizardry!
You block the minotaur's attack.
You see here a javelin.
You hit the minotaur but do no damage.
The minotaur hits you with an uncursed staff of wizardry!!
You die...

#################################
# #8# #8# #8##§...............≈##
# ### ### ####8.8.8..©.©..8.8.8##
#≈...............≈#
#####.###.###.#####
###.###.###.### #.............#
#(###.###.###.# #@###.###.###.#
#.H...........# #######'#######
... ###. .. ≈∩ ≈≈≈ ###


You could see a minotaur.

Vanquished Creatures
  Fannar (D:10)
  2 hydras
  2 two-headed ogres (D:8)
  A wizard (Gauntlet)
  An ugly thing (D:9)
  A moth of wrath (D:7)
  2 black mambas (Lair:1)
  2 spiny frogs (Lair:1)
  An ice statue (Gauntlet)
  2 rime drakes (Gauntlet)
  A troll (shapeshifter) (Gauntlet)
  2 komodo dragons
  A troll (D:10)
  A hornet (shapeshifter) (Gauntlet)
  5 hornets
  2 hippogriffs
  25 yaks
  A neqoxec (Gauntlet)
  2 chaos spawn (Gauntlet)
  A soldier ant (shapeshifter) (Gauntlet)
  3 water moccasins
  3 ice beasts
  An orc warrior (D:9)
  A sky beast (D:8)
  An eye of draining (D:10)
  A necrophage (D:8)
  3 ogres
  5 centaurs
  2 crocodiles
  Blork the orc (D:4)
  A big kobold (D:9)
  4 bullfrogs
  A wyvern zombie (D:9)
  2 scorpions
  2 crimson imps (D:7)
  3 bullfrog zombies
  5 hounds
  5 orc priests
  A bullfrog skeleton (D:4)
  3 iguanas
  A jelly (D:9)
  4 orc wizards
  Ijyb (D:3)
  5 worker ants
  A big kobold zombie (Ossuary)
  A hound zombie (D:6)
  2 hound skeletons
  8 mummies (Ossuary)
  7 adders
  2 white imps (Gauntlet)
  An ooze (D:6)
  2 adder zombies
  2 adder skeletons
  8 worms
  2 dart slugs (D:1)
  5 leopard geckos
  21 orcs
  A ball python (D:3)
  2 giant cockroaches (D:1)
  8 goblins
  9 hobgoblins
  11 jackals
  14 kobolds
  5 quokkas
  12 bats
  A frilled lizard (D:2)
  A gnoll zombie (Ossuary)
  A goblin zombie (D:5)
  3 hobgoblin zombies (Ossuary)
  2 kobold zombies (Ossuary)
  2 leopard gecko skeletons (D:7)
  An orc zombie (Ossuary)
  A quokka skeleton (D:5)
  A quokka zombie (D:5)
  14 rats
266 creatures vanquished.

Vanquished Creatures (collateral kills)
  Sigmund (D:6)
  2 ogres
  A leopard gecko (D:4)
  A quokka (D:8)
5 creatures vanquished.

Vanquished Creatures (others)
  3 dancing weapons (D:8)
  14 demonic plants (Gauntlet)
17 creatures vanquished.

Grand Total: 288 creatures vanquished

Notes
Turn   | Place    | Note
-------+----------+-------------------------------------------
     0 | D:1      | DarkMoon the Vampire Enchanter began the quest for the Orb.
     0 | D:1      | Reached XP level 1. HP: 13/13 MP: 3/3
   185 | D:1      | Reached XP level 2. HP: 8/20 MP: 3/5
   190 | D:1      | Learned a level 2 spell: Ensorcelled Hibernation
   554 | D:1      | Reached skill level 5 in Hexes
   604 | D:1      | Reached XP level 3. HP: 24/25 MP: 6/6
   635 | D:1      | Learned a level 3 spell: Confusing Touch
   987 | D:1      | Reached skill level 1 in Fighting
  1102 | D:2      | Reached skill level 5 in Stealth
  1102 | D:2      | Reached XP level 4. HP: 32/32 MP: 7/7
  1970 | D:3      | Reached skill level 1 in Shields
  2429 | D:3      | Noticed Ijyb
  2446 | D:3      | Killed Ijyb
  2446 | D:3      | Reached XP level 5. HP: 31/37 MP: 5/8
  2478 | D:3      | Found a shimmering altar of Xom.
  2972 | D:4      | Reached XP level 6. HP: 32/44 MP: 2/9
  3063 | D:4      | Noticed Blork the orc
  3074 | D:4      | Killed Blork the orc
  3232 | D:4      | Learned a level 3 spell: Tukima's Dance
  3244 | D:4      | Reached skill level 6 in Stealth
  3370 | D:4      | Found a shadowy altar of Dithmenos.
  3806 | D:4      | Found a basalt altar of Yredelemnul.
  3807 | D:4      | Found a white marble altar of Elyvilon.
  3810 | D:4      | Found a stormy altar of Qazlal.
  4232 | D:4      | Reached XP level 7. HP: 46/50 MP: 1/10
  4590 | D:4      | Became a worshipper of Dithmenos the Shadowed
  4600 | D:5      | Entered Level 5 of the Dungeon
  4850 | D:5      | Reached skill level 1 in Armour
  4850 | D:5      | Reached skill level 7 in Stealth
  4960 | D:5      | Found a sand-covered staircase.
  4967 | Ossuary  | Entered an ossuary
  5445 | Ossuary  | Reached * piety under Dithmenos
  5839 | D:5      | Reached skill level 8 in Stealth
  5916 | D:6      | Noticed Sigmund
  5923 | D:6      | Killed Sigmund
  5923 | D:6      | Reached XP level 8. HP: 52/56 MP: 4/11
  6130 | D:6      | Found a staircase to the Ecumenical Temple.
  6140 | D:6      | You fall into a shaft and drop 1 floor!
  6961 | D:7      | Noticed a moth of wrath
  6964 | D:7      | Found a bloodstained altar of Trog.
  7201 | D:7      | Killed a moth of wrath
  7201 | D:7      | Reached skill level 9 in Stealth
  7207 | D:7      | Got a bone whip
  7436 | D:7      | Noticed a hornet
  7448 | D:7      | Killed a hornet
  7448 | D:7      | Reached XP level 9. HP: 63/63 MP: 6/13
  7674 | D:7      | Reached skill level 5 in Dodging
  7715 | D:7      | Reached skill level 5 in Short Blades
  7715 | D:7      | Reached skill level 10 in Stealth
  7918 | D:7      | Learned a level 2 spell: Blink
  7922 | D:7      | Learned a level 3 spell: Dazzling Flash
  8173 | D:8      | Reached ** piety under Dithmenos
  8441 | D:8      | Noticed a two-headed ogre
  8512 | D:8      | Killed a two-headed ogre
  8512 | D:8      | Reached skill level 11 in Stealth
  8512 | D:8      | Reached skill level 10 in Hexes
  8512 | D:8      | Reached skill level 1 in Translocations
  8675 | D:8      | Noticed a two-headed ogre
  8695 | D:8      | Killed a two-headed ogre
  8841 | D:8      | Found an iron altar of Okawaru.
  8897 | D:9      | Reached XP level 10. HP: 56/56 MP: 15/15
  9160 | D:9      | Found an iron altar of Okawaru.
  9457 | D:9      | Noticed a red ugly thing
  9489 | D:9      | Killed a red ugly thing
  9822 | D:9      | Learned a level 2 spell: Slow
  9823 | D:10     | Entered Level 10 of the Dungeon
 10169 | D:10     | Reached skill level 12 in Stealth
 10294 | D:10     | Noticed Fannar
 10320 | D:10     | Killed Fannar
 10674 | D:10     | Found a staircase to the Lair.
 10855 | D:10     | Reached skill level 13 in Stealth
 10887 | D:10     | Reached XP level 11. HP: 59/62 MP: 4/18
 11088 | D:10     | Reached skill level 5 in Spellcasting
 11092 | D:10     | Reached skill level 5 in Fighting
 11222 | Lair:1   | Entered Level 1 of the Lair of Beasts
 11254 | Lair:1   | Reached *** piety under Dithmenos
 11742 | Lair:1   | Noticed a seven-headed hydra
 11754 | Lair:1   | Identified the +2 whip of Generosity {vorpal, Dex+3} (You
                  | found it on level 7 of the Dungeon)
 11824 | Lair:1   | Killed a seven-headed hydra
 11824 | Lair:1   | Reached skill level 14 in Stealth
 12483 | Lair:2   | Noticed an eight-headed hydra
 12492 | Lair:2   | Killed an eight-headed hydra
 12580 | Lair:2   | Found a gate leading to a gauntlet.
 12589 | Gauntlet | Entered a Gauntlet
 12589 | Gauntlet | Found a large runed translucent door.
 12589 | Gauntlet | Found a large runed translucent door.
 12589 | Gauntlet | Found a large runed translucent door.
 12589 | Gauntlet | Found a large runed translucent door.
 12589 | Gauntlet | Found a runed translucent door.
 12589 | Gauntlet | Found a large runed translucent door.
 12589 | Gauntlet | Found a large runed translucent door.
 12589 | Gauntlet | Found a transporter.
 12589 | Gauntlet | Found a transporter.
 12589 | Gauntlet | Found a large runed translucent door.
 12589 | Gauntlet | Found a large runed translucent door.
 12589 | Gauntlet | Found a runed translucent gate.
 12589 | Gauntlet | Found a runed translucent gate.
 12589 | Gauntlet | Found a transporter.
 12589 | Gauntlet | Noticed a wizard
 12597 | Gauntlet | Found a transporter.
 12598 | Gauntlet | Found a transporter.
 12598 | Gauntlet | Noticed a large abomination
 12603 | Gauntlet | Noticed a large abomination
 12609 | Gauntlet | Noticed an orange crystal statue
 12613 | Gauntlet | Found a transporter.
 12613 | Gauntlet | Found a transporter.
 12666 | Gauntlet | Found a runed translucent door.
 12667 | Gauntlet | Found a large runed translucent door.
 12667 | Gauntlet | Found a large runed translucent door.
 12667 | Gauntlet | Found a large runed translucent door.
 12667 | Gauntlet | Found a large runed translucent door.
 12668 | Gauntlet | Found a large runed translucent door.
 12668 | Gauntlet | Found a large runed translucent door.
 12669 | Gauntlet | Found a large runed translucent door.
 12669 | Gauntlet | Found a large runed translucent door.
 12673 | Gauntlet | Found a transporter.
 12684 | Gauntlet | Found the +6 shillelagh "Devastator" {shatter}
 12685 | Gauntlet | Found a transporter.
 12699 | Gauntlet | Found a transporter.
 12709 | Gauntlet | Found a transporter.
 12724 | Gauntlet | Found a transporter.
 12753 | Gauntlet | Found a runed translucent gate.
 12806 | Gauntlet | Killed a wizard
 12827 | Gauntlet | Got a smouldering short sword
 12828 | Gauntlet | Identified the +6 short sword "Spider's Peril" {flame,
                  | rElec} (You found it in a Gauntlet)
 12942 | Gauntlet | Reached XP level 12. HP: 69/69 MP: 20/20
 13184 | Gauntlet | Noticed a minotaur
 13203 | Gauntlet | Mangled by a minotaur

Illustrated notes

Levels and vault maps discovered:
D:1:      lightli_arrival_statue_moat, layout_loops_ring, minmay_split_cup_small
D:2:      layout_loops_cross
D:3:      layout_basic, lemuel_round_altar, first_ration,
          minmay_misc_feat_cross, uniq_ijyb
D:4:      layout_layer_cave, minitemple, grunt_dithmenos_smoke,
          uniq_blork_the_orc
D:5:      layout_cave_pools, enter_ossuary_4
D:6:      layout_cave_pools, minmay_temple_entry_slanted, uniq_sigmund
D:7:      layout_cave_pods, tgw_trog
D:8:      layout_basic, lemuel_doored_altar, serial_glass, glass_columns_a,
          glass_columns_c
D:9:      layout_gridville, basic_altar
D:10:     layout_roguey, lair_entry_dummy, hangedman_pestilent_swarm,
          chequers_avenue, hangedman_abyss_or_decor_stabs, uniq_fannar
Lair:1:   layout_hall_layers
Lair:2:   layout_regular_city, gauntlet_entry_generic, basic_altar
Gauntlet: gammafunk_gauntlet_shortcut [gammafunk_gauntlet_arena_arrow_garden,
          nicolae_gauntlet_arena_grate_2,
          minmay_gauntlet_arena_make_your_own_arena, nicolae_gauntlet_swirl,
          nicolae_gauntlet_arena_quarters, gammafunk_gauntlet_arena_grid,
          gauntlet_exit_watery]

Skill      XL: |  1  2  3  4  5  6  7  8  9 10 11 12 |
---------------+-------------------------------------+-----
Hexes          | 5 6 7 8 10 11 13 | 13.7
Fighting       | 1 2 3 4 5 |  5.9
Stealth        | 5 6 8 9 11 13 14 | 14.9
Short Blades   | 2 3 4 5 6 7 |  7.9
Shields        | 1 2 4 |  4.0
Dodging        | 3 4 5 6 7 8 |  8.0
Armour         | 1 |  1.0
Spellcasting   | 3 4 5 |  5.9
Translocations | 1 2 |  2.0

Action                   |  1- 3 |  4- 6 |  7- 9 | 10-12 || total
-------------------------+-------+-------+-------+-------++-------
Melee: Dagger            |   151 |   252 |   427 |   440 ||  1270
       Bite              |    16 |    26 |    54 |    77 ||   173
       Short sword       |       |       |       |    48 ||    48
 Cast: Corona            |     1 |     1 |     5 |     3 ||    10
       Ensorcelled Hiber |     7 |    15 |    35 |    66 ||   123
       Confusing Touch   |       |     8 |    23 |    21 ||    52
       Tukima's Dance    |       |     2 |    12 |       ||    14
       Blink             |       |       |       |     1 ||     1
Invok: Shadow Step       |       |       |       |     1 ||     1
 Abil: Exsanguinate      |       |       |     1 |       ||     1
Evoke: Wand              |       |       |     1 |       ||     1
  Use: Scroll            |       |       |     9 |     7 ||    16
       Potion            |       |       |       |     3 ||     3
 Stab: Sleeping          |    12 |    15 |    29 |    59 ||   115
       Confused          |       |     5 |    25 |    22 ||    52
Armor: Robe              |    45 |    38 |       |       ||    83
       Leather armour    |       |       |    51 |    28 ||    79
Dodge: Dodged            |   108 |   141 |   178 |   156 ||   583
Block: Other             |    22 |    59 |    29 |       ||   110
       Reflection        |       |     3 |       |     1 ||     4
       Buckler           |       |       |    81 |   139 ||   220
